CALGARY Flames vs ANAHEIM Ducks (R3)

Created - 7 novembre 2018 at 19:16

Goals
1 2 3 T
CALGARY Flames 0 2 0 2
ANAHEIM Ducks 2 1 2 5
Shots
1 2 3 T
CALGARY Flames 8 9 7 24
ANAHEIM Ducks 14 11 11 36

1st period

1. ANAHEIM Ducks , Justin Williams 3 (Jesper Fast 3, Dougie Hamilton 6) at 11:20
2. ANAHEIM Ducks , John Carlson 4 (Dougie Hamilton 7, Tyler Seguin 7) at 18:33 (PP)

Penalties :
Mikko Rantanen (ANA) for Hooking (Minor) at 0:14, Darnell Nurse (CGY) for Interference (Minor) at 4:35, Boone Jenner (CGY) for Holding (Minor) at 16:42

2nd period

3. CALGARY Flames , Jake DeBrusk 1 (Jeff Carter 4) at 0:06
4. CALGARY Flames , Kyle Clifford 2 (Dominic Moore 2) at 1:29
5. ANAHEIM Ducks , Vladimir Tarasenko 4 (Joe Thornton 5, Dougie Hamilton 8) at 11:47 (PP)

Penalties :
Nick Ritchie (CGY) for Holding (Minor) at 2:37, Darnell Nurse (CGY) for Interference (Minor) at 3:25, Shea Weber (CGY) for Tripping (Minor) at 10:06, Jesper Fast (ANA) for High sticking (Minor) at 17:07

3rd period

6. ANAHEIM Ducks , Alex Ovechkin 7 (John Carlson 17, Tyler Seguin 8) at 4:10 (PP)
7. ANAHEIM Ducks , Tyler Seguin 10 (Tyler Toffoli 3, Jack Johnson 7) at 19:37 (PP)

Penalties :
Joe Thornton (ANA) for Hooking (Minor) at 1:07, Boone Jenner (CGY) for Interference (Minor) at 3:54, Mathew Barzal (ANA) for Roughing (Minor) at 4:33, Shea Weber (CGY) for Boarding (Minor) at 14:50, Darnell Nurse (CGY) for Hooking (Minor) at 18:55

Goalie Stats

Ben Bishop (CGY), 31 saves from 36 shots - (0,861), L, 5-7-2, 60:00 minutes
Cam Talbot (ANA), 22 saves from 24 shots - (0,917), W, 10-5-2, 60:00 minutes

Players Stats for CALGARY Flames

Player Name              G  A  P  +/- PIM S  H  SB GA TA FO     MP     PP MP  PK MP  
------------------------------------------------------------------------------------
Alex Galchenyuk          0  0  0   0  0   1  1  0  0  0  13/20  16:57   4:01   0:26 
Boone Jenner             0  0  0  -1  4   1  0  0  0  0  9/22   17:10   3:41   5:13 
Brendan Perlini          0  0  0  -1  0   1  0  0  0  0  0/0     8:18   0:00   0:00 
Cal Clutterbuck          0  0  0  -1  0   1  1  0  0  0  2/2    12:09   0:00   3:51 
Charlie Coyle            0  0  0   0  0   3  0  0  0  0  0/4    23:12   4:01   6:41 
Charlie McAvoy           0  0  0   0  0   2  2  2  0  0  0/0    23:36   3:51   5:40 
Darnell Nurse            0  0  0   0  6   0  1  0  0  0  0/0    20:54   3:51   3:00 
Dominic Moore            0  1  1   1  0   1  0  0  0  0  5/10    8:45   0:00   3:51 
Jake DeBrusk             1  0  1   1  0   1  2  1  0  0  1/1    19:02   3:55   0:00 
Jason Chimera            0  0  0   1  0   0  1  0  0  0  0/0     4:54   0:00   0:00 
Jeff Carter              0  1  1   1  0   5  0  0  0  0  14/27  20:19   3:55   1:17 
Kyle Clifford            1  0  1   1  0   1  0  0  0  0  0/0     4:54   0:00   0:00 
Michal Kempny            0  0  0   0  0   0  1  1  0  0  0/0    12:04   0:00   2:25 
Nick Ritchie             0  0  0   0  2   1  5  0  0  0  0/2    12:49   0:20   0:00 
Ryan Suter               0  0  0   1  0   3  3  1  0  0  0/0    26:02   4:05   4:52 
Shea Weber               0  0  0   1  4   0  1  3  0  0  0/0    16:26   0:00   0:09 
Travis Hamonic           0  0  0   0  0   1  2  3  0  0  0/0    20:53   4:05   6:23 
Wayne Simmonds           0  0  0   1  0   2  4  0  0  0  1/1    19:02   3:55   0:00 

Players Stats for ANAHEIM Ducks

Player Name              G  A  P  +/- PIM S  H  SB GA TA FO     MP     PP MP  PK MP  
------------------------------------------------------------------------------------
Alex Ovechkin            1  0  1  -1  0   5  2  0  0  0  3/3    21:51   5:40   1:04 
Alexander Edler          0  0  0  -1  0   1  5  3  0  0  0/0    24:48   5:07   3:35 
Brandon Carlo            0  0  0   1  0   3  1  0  0  0  0/0     9:58   0:24   0:00 
Clayton Keller           0  0  0   0  0   1  1  0  0  0  0/0     3:56   0:00   0:55 
Dougie Hamilton          0  3  3   1  0   2  1  0  0  0  0/0    20:03   6:08   4:21 
Jack Johnson             0  1  1  -1  0   3  6  3  0  0  0/0    22:28   5:07   3:35 
Jesper Fast              0  1  1   1  2   0  0  1  0  0  0/0    12:29   0:00   3:33 
Joe Thornton             0  1  1  -1  2   1  1  0  0  0  14/26  19:56   5:35   0:38 
John Carlson             1  1  2  -1  0   3  1  2  0  0  0/0    27:34   5:44   4:21 
Justin Williams          1  0  1   1  0   2  1  0  0  0  0/0     8:57   0:00   0:00 
Mathew Barzal            0  0  0   0  2   1  0  0  0  0  1/4     3:00   0:00   0:00 
Matt Cullen              0  0  0   0  0   0  0  0  0  0  0/1     5:25   0:00   2:24 
Mikko Rantanen           0  0  0  -1  2   4  2  0  0  0  1/3    19:18   5:35   0:00 
Paul Byron               0  0  0   1  0   0  0  2  0  0  10/23  13:51   0:00   4:54 
Robert Hagg              0  0  0  -1  0   0  1  0  0  0  0/0    15:09   0:00   0:00 
Tyler Seguin             1  2  3  -1  0   3  1  0  0  0  15/28  23:11   5:40   2:24 
Tyler Toffoli            0  1  1  -1  0   3  1  0  0  0  0/1    20:47   5:40   0:00 
Vladimir Tarasenko       1  0  1  -1  0   4  2  0  0  0  0/0    19:19   5:35   0:00 

3 Stars

1 - Dougie Hamilton (ANA)
2 - Tyler Seguin (ANA)
3 - John Carlson (ANA)

Power Play

CALGARY Flames - 0 on 4 Attempt(s) - 0,00%
ANAHEIM Ducks - 4 on 8 Attempt(s) - 50,00%

Penalty Kill

CALGARY Flames - 4 on 8 Attempt(s) - 50,00% - Score 0 goal in Penalty Kill
ANAHEIM Ducks - 4 on 4 Attempt(s) - 100,00% - Score 0 goal in Penalty Kill

Team Stat

CALGARY Flames - Hits : 24 - Faceoff Wins : 45 - Blocked Shots : 11 - Penalty Minutes : 16
ANAHEIM Ducks - Hits : 26 - Faceoff Wins : 44 - Blocked Shots : 11 - Penalty Minutes : 8

Official

Referees : Unknown
Linesman : Unknown

Game Notes

Michal Kempny is injured at 16:50 of 3rd period (Strained Right Elbow)

Finance

Level 1 -- Attendance: 4728 (78,80%) -- Ticket Income 472 800 $
Level 2 -- Attendance: 3851 (77,02%) -- Ticket Income 231 060 $
Level 3 -- Attendance: 1977 (98,85%) -- Ticket Income 69 195 $
Level 4 -- Attendance: 4000 (100,00%) -- Ticket Income 80 000 $
Luxury Box -- Attendance: 863 (86,30%) -- Ticket Income 172 600 $
Game was played at the Honda Center.
Total Attendance: 15419 (85,66%)
Total Ticket Income: 1 025 655 $
Other Income: 400 005 $
Total Income: 1 425 660 $

CALGARY Flames

5 vs 5 Forward 
   Center                   Left Wing                Right Wing               Time % Phy DF OF 
 1 Jeff Carter              Jake DeBrusk             Wayne Simmonds           37     2   1  2  
 2 Alex Galchenyuk          Nick Ritchie             Charlie Coyle            33     2   1  2  
 3 Boone Jenner             Brendan Perlini          Cal Clutterbuck          20     2   1  2  
 4 Dominic Moore            Kyle Clifford            Jason Chimera            10     2   2  1  

5 vs 5 Defense 
   Defense                  Defense                                           Time % Phy DF OF 
 1 Ryan Suter               Shea Weber                                        40     2   2  1  
 2 Charlie McAvoy           Darnell Nurse                                     35     2   2  1  
 3 Travis Hamonic           Michal Kempny                                     20     2   2  1  
 4 Ryan Suter               Shea Weber                                        5      2   2  1  

PowerPlay Forward 
   Center                   Left Wing                Right Wing               Time % Phy DF OF 
 1 Jeff Carter              Jake DeBrusk             Wayne Simmonds           55     1   0  4  
 2 Alex Galchenyuk          Boone Jenner             Charlie Coyle            45     1   0  4  

PowerPlay Defense
   Defense                  Defense                                           Time % Phy DF OF 
 1 Ryan Suter               Travis Hamonic                                    55     1   1  3  
 2 Charlie McAvoy           Darnell Nurse                                     45     1   1  3  

Penalty Kill 4 Players Forward 
   Center                   Wing                     Time % Phy DF OF 
 1 Boone Jenner             Charlie Coyle            55     1   4  0  
 2 Dominic Moore            Cal Clutterbuck          45     1   4  0  

Penalty Kill 4 Players Defense
   Defense                  Defense                  Time % Phy DF OF 
 1 Ryan Suter               Charlie McAvoy           55     1   4  0  
 2 Travis Hamonic           Darnell Nurse            45     1   4  0  

Penalty Kill - 3 Players Forward 
   Forward                                           Time % Phy DF OF 
 1 Boone Jenner                                      50     0   5  0  
 2 Charlie Coyle                                     50     0   5  0  

Penalty Kill - 3 Players Defense
   Defense                  Defense                  Time % Phy DF OF 
 1 Ryan Suter               Charlie McAvoy           55     1   4  0  
 2 Travis Hamonic           Darnell Nurse            45     1   4  0  

4 vs 4 Forward 
   Center                   Wing                     Time % Phy DF OF 
 1 Wayne Simmonds           Jeff Carter              55     2   1  2  
 2 Alex Galchenyuk          Charlie Coyle            45     1   1  3  

4 vs 4 Defense
   Defense                  Defense                  Time % Phy DF OF 
 1 Ryan Suter               Shea Weber               55     1   2  2  
 2 Charlie McAvoy           Darnell Nurse            45     1   2  2  

Last Minutes Offensive
   Center                   Left Wing                Right Wing               Defense                  Defense                  
   Jeff Carter              Jake DeBrusk             Wayne Simmonds           Ryan Suter               Shea Weber               

Last Minutes Defensive
   Center                   Left Wing                Right Wing               Defense                  Defense                  
   Jeff Carter              Boone Jenner             Wayne Simmonds           Ryan Suter               Shea Weber               

Goaltenders
Starting : Ben Bishop               
Backup : Jacob Markstrom          

Extra Forwards
Normal : Alex Galchenyuk, Wayne Simmonds, Brendan Perlini - PP : Nick Ritchie, Brendan Perlini - PK : Jeff Carter
Extra Defensemen
Normal : Ryan Suter, Charlie McAvoy, Travis Hamonic - PP : Travis Hamonic - PK : Charlie McAvoy, Michal Kempny
Penalty Shots
Wayne Simmonds, Jeff Carter, Alex Galchenyuk, Brendan Perlini, Charlie Coyle

ANAHEIM Ducks

5 vs 5 Forward 
   Center                   Left Wing                Right Wing               Time % Phy DF OF 
 1 Tyler Seguin             Alex Ovechkin            Tyler Toffoli            40     0   2  3  
 2 Joe Thornton             Mikko Rantanen           Vladimir Tarasenko       30     1   2  2  
 3 Paul Byron               Jesper Fast              Justin Williams          20     1   2  2  
 4 Mathew Barzal            Matt Cullen              Clayton Keller           10     1   3  1  

5 vs 5 Defense 
   Defense                  Defense                                           Time % Phy DF OF 
 1 John Carlson             Robert Hagg                                       40     1   2  2  
 2 Alexander Edler          Jack Johnson                                      30     1   2  2  
 3 Dougie Hamilton          Brandon Carlo                                     20     1   2  2  
 4 John Carlson             Alexander Edler                                   10     1   2  2  

PowerPlay Forward 
   Center                   Left Wing                Right Wing               Time % Phy DF OF 
 1 Tyler Seguin             Alex Ovechkin            Tyler Toffoli            60     0   1  4  
 2 Joe Thornton             Mikko Rantanen           Vladimir Tarasenko       40     0   1  4  

PowerPlay Defense
   Defense                  Defense                                           Time % Phy DF OF 
 1 John Carlson             Dougie Hamilton                                   60     0   2  3  
 2 Alexander Edler          Jack Johnson                                      40     0   2  3  

Penalty Kill 4 Players Forward 
   Center                   Wing                     Time % Phy DF OF 
 1 Paul Byron               Jesper Fast              60     0   3  2  
 2 Tyler Seguin             Matt Cullen              40     0   3  2  

Penalty Kill 4 Players Defense
   Defense                  Defense                  Time % Phy DF OF 
 1 John Carlson             Dougie Hamilton          60     0   3  2  
 2 Alexander Edler          Jack Johnson             40     0   3  2  

Penalty Kill - 3 Players Forward 
   Forward                                           Time % Phy DF OF 
 1 Tyler Seguin                                      60     0   3  2  
 2 Matt Cullen                                       40     0   3  2  

Penalty Kill - 3 Players Defense
   Defense                  Defense                  Time % Phy DF OF 
 1 John Carlson             Brandon Carlo            60     0   3  2  
 2 Alexander Edler          Jack Johnson             40     0   3  2  

4 vs 4 Forward 
   Center                   Wing                     Time % Phy DF OF 
 1 Tyler Seguin             Alex Ovechkin            60     1   2  2  
 2 Joe Thornton             Vladimir Tarasenko       40     1   2  2  

4 vs 4 Defense
   Defense                  Defense                  Time % Phy DF OF 
 1 John Carlson             Dougie Hamilton          60     1   2  2  
 2 Alexander Edler          Jack Johnson             40     1   2  2  

Last Minutes Offensive
   Center                   Left Wing                Right Wing               Defense                  Defense                  
   Tyler Seguin             Alex Ovechkin            Vladimir Tarasenko       John Carlson             Robert Hagg              

Last Minutes Defensive
   Center                   Left Wing                Right Wing               Defense                  Defense                  
   Tyler Seguin             Matt Cullen              Paul Byron               John Carlson             Robert Hagg              

Goaltenders
Starting : Cam Talbot               
Backup : J-F Berube               

Extra Forwards
Normal : Mathew Barzal, Tyler Toffoli, Paul Byron - PP : Mathew Barzal, Tyler Toffoli - PK : Paul Byron
Extra Defensemen
Normal : Jack Johnson, Brandon Carlo, Alexander Edler - PP : Jack Johnson - PK : Brandon Carlo, Alexander Edler
Penalty Shots
Alex Ovechkin, Tyler Seguin, Vladimir Tarasenko, Dougie Hamilton, Mikko Rantanen


% Time on Ice - CALGARY Flames

Lines # - Real PCT - Wanted PCT - Time Play
Normal Forward
1 - 37% - 37% - 15:07
2 - 31% - 33% - 12:30
3 - 20% - 20% - 8:18
4 - 12% - 10% - 4:54
Normal Defense
1 - 40% - 40% - 16:19
2 - 35% - 35% - 14:05
3 - 26% - 20% - 10:25
4 - 0% - 5% - 0:00
PP Forward
1 - 49% - 55% - 3:55
2 - 51% - 45% - 4:01
PP Defense
1 - 51% - 55% - 4:05
2 - 49% - 45% - 3:51
PK Forward
1 - 62% - 55% - 6:13
2 - 38% - 45% - 3:51
PK Defense
1 - 44% - 55% - 4:24
2 - 56% - 45% - 5:40
PK3 Forward
1 - 61% - 50% - 0:43
2 - 39% - 50% - 0:28
PK3 Defense
1 - 27% - 55% - 0:19
2 - 73% - 45% - 0:52
44 Forward
1 - 0% - 55%
2 - 0% - 45%
44 Defense
1 - 0% - 55%
2 - 0% - 45%
Last Minute Offensive  - 0:00
Last Minute Defensive  - 0:00
Total
Forward - 60:00
Defense - 60:00

% Time on Ice - ANAHEIM Ducks

Lines # - Real PCT - Wanted PCT - Time Play
Normal Forward
1 - 37% - 40% - 15:07
2 - 34% - 30% - 13:44
3 - 22% - 20% - 8:57
4 - 7% - 10% - 3:01
Normal Defense
1 - 37% - 40% - 15:09
2 - 32% - 30% - 13:04
3 - 23% - 20% - 9:34
4 - 7% - 10% - 3:02
PP Forward
1 - 50% - 60% - 5:40
2 - 50% - 40% - 5:35
PP Defense
1 - 55% - 60% - 6:08
2 - 45% - 40% - 5:07
PK Forward
1 - 70% - 60% - 5:32
2 - 30% - 40% - 2:24
PK Defense
1 - 55% - 60% - 4:21
2 - 45% - 40% - 3:35
PK3 Forward
1 - 0% - 60%
2 - 0% - 40%
PK3 Defense
1 - 0% - 60%
2 - 0% - 40%
44 Forward
1 - 0% - 60%
2 - 0% - 40%
44 Defense
1 - 0% - 60%
2 - 0% - 40%
Last Minute Offensive  - 0:00
Last Minute Defensive  - 0:00
Total
Forward - 60:00
Defense - 60:00

Play by Play

1st period


0:01 of 1st period - Tyler Seguin wins face-off versus Jeff Carter in neutral zone.
0:03 of 1st period - Off-side.
0:04 of 1st period - Joe Thornton wins face-off versus Alex Galchenyuk in neutral zone.
0:09 of 1st period - Shot by Mikko Rantanen.
0:09 of 1st period - Stopped by Ben Bishop with a rebound.
0:14 of 1st period - Minor Penalty to Mikko Rantanen for Hooking.
0:15 of 1st period - Paul Byron wins face-off versus Jeff Carter in ANAHEIM Ducks zone.
0:48 of 1st period - Shot by Wayne Simmonds.
0:48 of 1st period - Shot Blocked by John Carlson.
0:50 of 1st period - Shot by Ryan Suter.
0:50 of 1st period - Stopped by Cam Talbot with a rebound.
0:52 of 1st period - Shot by Ryan Suter.
0:52 of 1st period - Shot Misses the Net.
0:54 of 1st period - Shot by Ryan Suter.
0:54 of 1st period - Shot Misses the Net.
0:56 of 1st period - Shot by Travis Hamonic.
0:56 of 1st period - Shot Misses the Net.
0:58 of 1st period - Shot by Travis Hamonic.
0:58 of 1st period - Shot Blocked by Paul Byron.
1:24 of 1st period - Shot by Charlie Coyle.
1:24 of 1st period - Shot Misses the Net.
1:39 of 1st period - Shot by Boone Jenner.
1:39 of 1st period - Shot Misses the Net.
1:41 of 1st period - Shot by Darnell Nurse.
1:41 of 1st period - Shot Misses the Net.
1:43 of 1st period - Shot by Charlie McAvoy.
1:43 of 1st period - Stopped by Cam Talbot without a rebound.
1:44 of 1st period - Paul Byron wins face-off versus Jeff Carter in ANAHEIM Ducks zone.
1:44 of 1st period - Paul Byron is hit by Wayne Simmonds.
2:12 of 1st period - Shot by Ryan Suter.
2:12 of 1st period - Shot Blocked by Jack Johnson.
2:39 of 1st period - Shot by Joe Thornton.
2:39 of 1st period - Stopped by Ben Bishop without a rebound.
2:40 of 1st period - Alex Galchenyuk wins face-off versus Tyler Seguin in CALGARY Flames zone.
2:40 of 1st period - Charlie Coyle is hit by Alex Ovechkin and loses puck.
2:49 of 1st period - Shot by Alex Ovechkin.
2:49 of 1st period - Shot Misses the Net.
2:59 of 1st period - Shot by Tyler Seguin.
2:59 of 1st period - Shot Misses the Net.
3:09 of 1st period - Shot by Alex Galchenyuk.
3:09 of 1st period - Stopped by Cam Talbot with a rebound.
3:15 of 1st period - Shot by Alex Ovechkin.
3:15 of 1st period - Stopped by Ben Bishop without a rebound.
3:16 of 1st period - Paul Byron wins face-off versus Boone Jenner in CALGARY Flames zone.
3:28 of 1st period - Shot by Justin Williams.
3:28 of 1st period - Deflect By Paul Byron.
3:28 of 1st period - Shot Misses the Net.
3:31 of 1st period - Icing by Travis Hamonic.
3:32 of 1st period - Joe Thornton wins face-off versus Boone Jenner in CALGARY Flames zone.
3:39 of 1st period - Cal Clutterbuck is hit by Vladimir Tarasenko and loses puck.
3:53 of 1st period - Shot by Cal Clutterbuck.
3:53 of 1st period - Stopped by Cam Talbot without a rebound.
3:54 of 1st period - Jeff Carter wins face-off versus Tyler Seguin in ANAHEIM Ducks zone.
4:29 of 1st period - Wayne Simmonds is hit by Tyler Toffoli and loses puck.
4:35 of 1st period - Minor Penalty to Darnell Nurse for Interference.
4:36 of 1st period - Joe Thornton wins face-off versus Boone Jenner in CALGARY Flames zone.
6:21 of 1st period - Icing by Vladimir Tarasenko.
6:22 of 1st period - Dominic Moore wins face-off versus Joe Thornton in ANAHEIM Ducks zone.
6:41 of 1st period - Shot by Jeff Carter.
6:41 of 1st period - Stopped by Cam Talbot without a rebound.
6:42 of 1st period - Wayne Simmonds wins face-off versus Paul Byron in ANAHEIM Ducks zone.
7:07 of 1st period - Justin Williams is hit by Ryan Suter and loses puck.
7:35 of 1st period - Jesper Fast is hit by Darnell Nurse and loses puck.
7:39 of 1st period - Icing by Charlie Coyle.
7:40 of 1st period - Alex Galchenyuk wins face-off versus Tyler Seguin in CALGARY Flames zone.
7:40 of 1st period - Alex Galchenyuk is hit by Alex Ovechkin.
7:46 of 1st period - Robert Hagg is hit by Nick Ritchie and loses puck.
8:12 of 1st period - Shot by Alex Galchenyuk.
8:12 of 1st period - Shot Hit the Post.
8:14 of 1st period - Shot by Charlie McAvoy.
8:14 of 1st period - Stopped by Cam Talbot without a rebound.
8:15 of 1st period - Boone Jenner wins face-off versus Joe Thornton in ANAHEIM Ducks zone.
8:40 of 1st period - Shot by Boone Jenner.
8:40 of 1st period - Shot Misses the Net.
9:51 of 1st period - Shot by Tyler Seguin.
9:51 of 1st period - Shot Misses the Net.
9:53 of 1st period - Shot by Alex Ovechkin.
9:53 of 1st period - Stopped by Ben Bishop with a rebound.
10:27 of 1st period - Shot by Mathew Barzal.
10:27 of 1st period - Stopped by Ben Bishop with a rebound.
10:39 of 1st period - Shot by Clayton Keller.
10:39 of 1st period - Stopped by Ben Bishop without a rebound.
10:40 of 1st period - Cal Clutterbuck wins face-off versus Paul Byron in CALGARY Flames zone.
10:40 of 1st period - Boone Jenner is hit by Justin Williams and loses puck.
11:01 of 1st period - Shot by Paul Byron.
11:01 of 1st period - Shot Misses the Net.
11:03 of 1st period - Shot by Brandon Carlo.
11:03 of 1st period - Stopped by Ben Bishop with a rebound.
11:20 of 1st period - Shot by Justin Williams.
11:20 of 1st period - Goal by Justin Williams - CALGARY Flames : 0 - ANAHEIM Ducks : 1.
11:21 of 1st period - Tyler Seguin wins face-off versus Alex Galchenyuk in neutral zone.
12:43 of 1st period - Shot by Vladimir Tarasenko.
12:43 of 1st period - Stopped by Ben Bishop without a rebound.
12:44 of 1st period - Jeff Carter wins face-off versus Mathew Barzal in CALGARY Flames zone.
13:09 of 1st period - Shot by John Carlson.
13:09 of 1st period - Shot Misses the Net.
13:23 of 1st period - Off-side.
13:24 of 1st period - Dominic Moore wins face-off versus Joe Thornton in neutral zone.
13:24 of 1st period - Travis Hamonic is hit by Joe Thornton.
13:27 of 1st period - Jason Chimera is hit by Alexander Edler and loses puck.
13:32 of 1st period - Shot by Kyle Clifford.
13:32 of 1st period - Shot Misses the Net.
13:34 of 1st period - Shot by Travis Hamonic.
13:34 of 1st period - Shot Misses the Net.
13:55 of 1st period - Kyle Clifford is hit by Jack Johnson and loses puck.
13:58 of 1st period - Shot by Dominic Moore.
13:58 of 1st period - Stopped by Cam Talbot with a rebound.
14:02 of 1st period - Shot by Dominic Moore.
14:02 of 1st period - Deflect By Kyle Clifford.
14:02 of 1st period - Shot Blocked by Jack Johnson.
14:04 of 1st period - Shot by Michal Kempny.
14:04 of 1st period - Shot Misses the Net.
14:28 of 1st period - Icing by Brandon Carlo.
14:29 of 1st period - Alex Ovechkin wins face-off versus Jeff Carter in ANAHEIM Ducks zone.
14:38 of 1st period - Shot by Tyler Toffoli.
14:38 of 1st period - Stopped by Ben Bishop without a rebound.
14:39 of 1st period - Tyler Seguin wins face-off versus Alex Galchenyuk in CALGARY Flames zone.
14:39 of 1st period - Alex Ovechkin is hit by Ryan Suter and loses puck.
15:57 of 1st period - Shot by Jeff Carter.
15:57 of 1st period - Shot Blocked by Alexander Edler.
16:30 of 1st period - Jack Johnson is hit by Michal Kempny and loses puck.
16:42 of 1st period - Minor Penalty to Boone Jenner for Holding.
16:43 of 1st period - Alex Galchenyuk wins face-off versus Tyler Seguin in CALGARY Flames zone.
17:36 of 1st period - Shot by Alexander Edler.
17:36 of 1st period - Shot Hit the Post.
17:38 of 1st period - Shot by Alexander Edler.
17:38 of 1st period - Stopped by Ben Bishop without a rebound.
17:39 of 1st period - Jeff Carter wins face-off versus Joe Thornton in CALGARY Flames zone.
17:56 of 1st period - Shot by Jack Johnson.
17:56 of 1st period - Shot Blocked by Ryan Suter.
17:58 of 1st period - Shot by Vladimir Tarasenko.
17:58 of 1st period - Shot Misses the Net.
18:33 of 1st period - Shot by John Carlson.
18:33 of 1st period - Goal by John Carlson - CALGARY Flames : 0 - ANAHEIM Ducks : 2.
18:34 of 1st period - Paul Byron wins face-off versus Boone Jenner in neutral zone.
18:39 of 1st period - Shot by Brandon Carlo.
18:39 of 1st period - Stopped by Ben Bishop without a rebound.
18:40 of 1st period - Boone Jenner wins face-off versus Paul Byron in CALGARY Flames zone.
19:29 of 1st period - Icing by Darnell Nurse.
19:30 of 1st period - Tyler Seguin wins face-off versus Boone Jenner in CALGARY Flames zone.
19:33 of 1st period - Shot by Alex Ovechkin.
19:33 of 1st period - Stopped by Ben Bishop without a rebound.
19:34 of 1st period - Jeff Carter wins face-off versus Tyler Seguin in CALGARY Flames zone.
19:51 of 1st period - Shot by Jeff Carter.
19:51 of 1st period - Stopped by Cam Talbot without a rebound.
19:52 of 1st period - Alex Galchenyuk wins face-off versus Joe Thornton in ANAHEIM Ducks zone.
Goals for this period are 0 for CALGARY Flames vs 2 for ANAHEIM Ducks.
Shots for this period are 8 for CALGARY Flames vs 14 for ANAHEIM Ducks.

2nd period


0:01 of 2nd period - Jeff Carter wins face-off versus Tyler Toffoli in neutral zone.
0:06 of 2nd period - Shot by Jake DeBrusk.
0:06 of 2nd period - Goal by Jake DeBrusk - CALGARY Flames : 1 - ANAHEIM Ducks : 2.
0:07 of 2nd period - Jeff Carter wins face-off versus Tyler Seguin in neutral zone.
0:10 of 2nd period - Tyler Toffoli is hit by Wayne Simmonds and loses puck.
1:23 of 2nd period - Shot by Darnell Nurse.
1:23 of 2nd period - Shot Misses the Net.
1:26 of 2nd period - Icing by Jack Johnson.
1:27 of 2nd period - Dominic Moore wins face-off versus Joe Thornton in ANAHEIM Ducks zone.
1:27 of 2nd period - Dominic Moore is hit by Alexander Edler.
1:29 of 2nd period - Shot by Kyle Clifford.
1:29 of 2nd period - Goal by Kyle Clifford - CALGARY Flames : 2 - ANAHEIM Ducks : 2.
1:30 of 2nd period - Paul Byron wins face-off versus Dominic Moore in neutral zone.
1:36 of 2nd period - Icing by Michal Kempny.
1:37 of 2nd period - Joe Thornton wins face-off versus Dominic Moore in CALGARY Flames zone.
2:15 of 2nd period - Jason Chimera is hit by Alexander Edler and loses puck.
2:31 of 2nd period - Icing by Joe Thornton.
2:32 of 2nd period - Mikko Rantanen wins face-off versus Alex Galchenyuk in ANAHEIM Ducks zone.
2:32 of 2nd period - Mikko Rantanen is hit by Nick Ritchie.
2:35 of 2nd period - Icing by Vladimir Tarasenko.
2:36 of 2nd period - Joe Thornton wins face-off versus Alex Galchenyuk in ANAHEIM Ducks zone.
2:36 of 2nd period - Joe Thornton is hit by Nick Ritchie.
2:37 of 2nd period - Minor Penalty to Nick Ritchie for Holding.
2:38 of 2nd period - Tyler Seguin wins face-off versus Boone Jenner in CALGARY Flames zone.
2:41 of 2nd period - Shot by Tyler Seguin.
2:41 of 2nd period - Stopped by Ben Bishop without a rebound.
2:42 of 2nd period - Tyler Seguin wins face-off versus Boone Jenner in CALGARY Flames zone.
3:12 of 2nd period - Tyler Seguin is hit by Cal Clutterbuck and loses puck.
3:25 of 2nd period - Minor Penalty to Darnell Nurse for Interference.
3:26 of 2nd period - Boone Jenner wins face-off versus Joe Thornton in CALGARY Flames zone.
3:49 of 2nd period - Shot by Vladimir Tarasenko.
3:49 of 2nd period - Shot Misses the Net.
3:51 of 2nd period - Shot by Jack Johnson.
3:51 of 2nd period - Shot Blocked by Travis Hamonic.
3:53 of 2nd period - Shot by Mikko Rantanen.
3:53 of 2nd period - Stopped by Ben Bishop without a rebound.
3:54 of 2nd period - Tyler Seguin wins face-off versus Charlie Coyle in CALGARY Flames zone.
3:55 of 2nd period - Shot by John Carlson.
3:55 of 2nd period - Shot Hit the Post.
4:11 of 2nd period - Shot by Dougie Hamilton.
4:11 of 2nd period - Stopped by Ben Bishop without a rebound.
4:12 of 2nd period - Boone Jenner wins face-off versus Mikko Rantanen in CALGARY Flames zone.
4:12 of 2nd period - Boone Jenner is hit by Vladimir Tarasenko.
4:24 of 2nd period - Travis Hamonic is hit by Alexander Edler and loses puck.
4:31 of 2nd period - Shot by Joe Thornton.
4:31 of 2nd period - Shot Blocked by Charlie McAvoy.
4:33 of 2nd period - Shot by Alexander Edler.
4:33 of 2nd period - Shot Misses the Net.
4:35 of 2nd period - Shot by Alexander Edler.
4:35 of 2nd period - Shot Blocked by Travis Hamonic.
4:37 of 2nd period - Shot by Jack Johnson.
4:37 of 2nd period - Stopped by Ben Bishop without a rebound.
4:38 of 2nd period - Boone Jenner wins face-off versus Tyler Seguin in CALGARY Flames zone.
4:55 of 2nd period - Shot by John Carlson.
4:55 of 2nd period - Shot Misses the Net.
4:57 of 2nd period - Shot by Dougie Hamilton.
4:57 of 2nd period - Stopped by Ben Bishop without a rebound.
4:58 of 2nd period - Joe Thornton wins face-off versus Dominic Moore in CALGARY Flames zone.
4:58 of 2nd period - Joe Thornton is hit by Travis Hamonic.
5:10 of 2nd period - Shot by Alexander Edler.
5:10 of 2nd period - Shot Misses the Net.
5:36 of 2nd period - John Carlson is hit by Wayne Simmonds and loses puck.
5:47 of 2nd period - Shot by Wayne Simmonds.
5:47 of 2nd period - Stopped by Cam Talbot without a rebound.
5:48 of 2nd period - Alex Galchenyuk wins face-off versus Paul Byron in ANAHEIM Ducks zone.
6:07 of 2nd period - Shot by Alex Galchenyuk.
6:07 of 2nd period - Shot Blocked by Jesper Fast.
6:20 of 2nd period - Icing by Brandon Carlo.
6:21 of 2nd period - Jeff Carter wins face-off versus Paul Byron in ANAHEIM Ducks zone.
6:33 of 2nd period - Jesper Fast is hit by Ryan Suter and loses puck.
7:16 of 2nd period - Off-side.
7:17 of 2nd period - Joe Thornton wins face-off versus Nick Ritchie in neutral zone.
7:22 of 2nd period - Shot by Mikko Rantanen.
7:22 of 2nd period - Stopped by Ben Bishop without a rebound.
7:23 of 2nd period - Alex Ovechkin wins face-off versus Charlie Coyle in CALGARY Flames zone.
7:24 of 2nd period - Shot by Tyler Seguin.
7:24 of 2nd period - Shot Blocked by Charlie McAvoy.
7:26 of 2nd period - Shot by Tyler Seguin.
7:26 of 2nd period - Shot Misses the Net.
7:49 of 2nd period - Tyler Toffoli is hit by Charlie McAvoy and loses puck.
8:23 of 2nd period - Brendan Perlini is hit by Mikko Rantanen and loses puck.
8:44 of 2nd period - Shot by Mikko Rantanen.
8:44 of 2nd period - Stopped by Ben Bishop without a rebound.
8:45 of 2nd period - Mathew Barzal wins face-off versus Jeff Carter in CALGARY Flames zone.
8:45 of 2nd period - Mathew Barzal is hit by Travis Hamonic.
9:13 of 2nd period - Shot by Jeff Carter.
9:13 of 2nd period - Stopped by Cam Talbot without a rebound.
9:14 of 2nd period - Boone Jenner wins face-off versus Tyler Seguin in ANAHEIM Ducks zone.
9:14 of 2nd period - Shea Weber is hit by John Carlson.
9:21 of 2nd period - Icing by Alexander Edler.
9:22 of 2nd period - Tyler Seguin wins face-off versus Nick Ritchie in ANAHEIM Ducks zone.
9:35 of 2nd period - Shot by Alex Galchenyuk.
9:35 of 2nd period - Deflect By Charlie Coyle.
9:35 of 2nd period - Stopped by Cam Talbot with a rebound.
10:01 of 2nd period - Shot by Tyler Seguin.
10:01 of 2nd period - Deflect By Alex Ovechkin.
10:01 of 2nd period - Shot Misses the Net.
10:06 of 2nd period - Minor Penalty to Shea Weber for Tripping.
10:07 of 2nd period - Dominic Moore wins face-off versus Joe Thornton in CALGARY Flames zone.
10:37 of 2nd period - Shot by John Carlson.
10:37 of 2nd period - Shot Misses the Net.
11:23 of 2nd period - Shot by Tyler Toffoli.
11:23 of 2nd period - Stopped by Ben Bishop without a rebound.
11:24 of 2nd period - Joe Thornton wins face-off versus Dominic Moore in CALGARY Flames zone.
11:47 of 2nd period - Shot by Vladimir Tarasenko.
11:47 of 2nd period - Goal by Vladimir Tarasenko - CALGARY Flames : 2 - ANAHEIM Ducks : 3.
11:48 of 2nd period - Paul Byron wins face-off versus Jeff Carter in neutral zone.
12:07 of 2nd period - Shot by Justin Williams.
12:07 of 2nd period - Stopped by Ben Bishop without a rebound.
12:08 of 2nd period - Tyler Seguin wins face-off versus Boone Jenner in CALGARY Flames zone.
12:52 of 2nd period - Tyler Toffoli is hit by Charlie McAvoy and loses puck.
13:12 of 2nd period - Icing by Jack Johnson.
13:13 of 2nd period - Joe Thornton wins face-off versus Jeff Carter in ANAHEIM Ducks zone.
13:19 of 2nd period - Shot by Vladimir Tarasenko.
13:19 of 2nd period - Shot Misses the Net.
13:27 of 2nd period - Shot by Vladimir Tarasenko.
13:27 of 2nd period - Stopped by Ben Bishop without a rebound.
13:28 of 2nd period - Paul Byron wins face-off versus Alex Galchenyuk in CALGARY Flames zone.
14:02 of 2nd period - Shot by Alex Galchenyuk.
14:02 of 2nd period - Shot Misses the Net.
14:37 of 2nd period - Icing by Ryan Suter.
14:38 of 2nd period - Joe Thornton wins face-off versus Jeff Carter in CALGARY Flames zone.
15:14 of 2nd period - Wayne Simmonds is hit by Jack Johnson and loses puck.
15:31 of 2nd period - Shea Weber is hit by Jack Johnson and loses puck.
15:45 of 2nd period - Jack Johnson is hit by Wayne Simmonds and loses puck.
15:51 of 2nd period - Alexander Edler is hit by Shea Weber.
16:42 of 2nd period - Shot by Brendan Perlini.
16:42 of 2nd period - Stopped by Cam Talbot with a rebound.
17:07 of 2nd period - Minor Penalty to Jesper Fast for High sticking.
17:08 of 2nd period - Alex Galchenyuk wins face-off versus Paul Byron in ANAHEIM Ducks zone.
17:27 of 2nd period - Shot by Ryan Suter.
17:27 of 2nd period - Stopped by Cam Talbot without a rebound.
17:28 of 2nd period - Alex Galchenyuk wins face-off versus Paul Byron in ANAHEIM Ducks zone.
17:39 of 2nd period - Shot by Darnell Nurse.
17:39 of 2nd period - Shot Blocked by Alexander Edler.
17:41 of 2nd period - Shot by Charlie Coyle.
17:41 of 2nd period - Shot Blocked by Jack Johnson.
17:47 of 2nd period - Shot by Alex Galchenyuk.
17:47 of 2nd period - Shot Blocked by Alexander Edler.
17:49 of 2nd period - Shot by Boone Jenner.
17:49 of 2nd period - Stopped by Cam Talbot without a rebound.
17:50 of 2nd period - Paul Byron wins face-off versus Jeff Carter in ANAHEIM Ducks zone.
17:50 of 2nd period - Paul Byron is hit by Jake DeBrusk.
18:20 of 2nd period - Shot by Ryan Suter.
18:20 of 2nd period - Stopped by Cam Talbot without a rebound.
18:21 of 2nd period - Alex Galchenyuk wins face-off versus Paul Byron in ANAHEIM Ducks zone.
19:11 of 2nd period - Mathew Barzal is hit by Jason Chimera and loses puck.
19:19 of 2nd period - Jason Chimera is hit by Dougie Hamilton and loses puck.
Goals for this period are 2 for CALGARY Flames vs 1 for ANAHEIM Ducks.
Shots for this period are 9 for CALGARY Flames vs 11 for ANAHEIM Ducks.

3rd period


0:01 of 3rd period - Alex Galchenyuk wins face-off versus Tyler Seguin in neutral zone.
0:16 of 3rd period - Shot by Charlie Coyle.
0:16 of 3rd period - Stopped by Cam Talbot without a rebound.
0:17 of 3rd period - Jeff Carter wins face-off versus Joe Thornton in ANAHEIM Ducks zone.
0:17 of 3rd period - Wayne Simmonds is hit by Jack Johnson.
0:34 of 3rd period - Jeff Carter is hit by Alexander Edler and loses puck.
1:00 of 3rd period - Icing by Alexander Edler.
1:01 of 3rd period - Joe Thornton wins face-off versus Charlie Coyle in ANAHEIM Ducks zone.
1:07 of 3rd period - Minor Penalty to Joe Thornton for Hooking.
1:08 of 3rd period - Alex Galchenyuk wins face-off versus Paul Byron in ANAHEIM Ducks zone.
1:44 of 3rd period - Shot by Charlie Coyle.
1:44 of 3rd period - Shot Misses the Net.
1:52 of 3rd period - Shot by Travis Hamonic.
1:52 of 3rd period - Shot Misses the Net.
2:02 of 3rd period - Shot by Wayne Simmonds.
2:02 of 3rd period - Stopped by Cam Talbot without a rebound.
2:03 of 3rd period - Jeff Carter wins face-off versus Tyler Seguin in ANAHEIM Ducks zone.
2:04 of 3rd period - Shot by Wayne Simmonds.
2:04 of 3rd period - Shot Misses the Net.
3:54 of 3rd period - Minor Penalty to Boone Jenner for Interference.
3:55 of 3rd period - Tyler Seguin wins face-off versus Jeff Carter in CALGARY Flames zone.
4:10 of 3rd period - Shot by Alex Ovechkin.
4:10 of 3rd period - Goal by Alex Ovechkin - CALGARY Flames : 2 - ANAHEIM Ducks : 4.
4:11 of 3rd period - Cal Clutterbuck wins face-off versus Paul Byron in neutral zone.
4:14 of 3rd period - Shot by Michal Kempny.
4:14 of 3rd period - Shot Misses the Net.
4:31 of 3rd period - Icing by Travis Hamonic.
4:32 of 3rd period - Boone Jenner wins face-off versus Mathew Barzal in CALGARY Flames zone.
4:32 of 3rd period - Boone Jenner is hit by Clayton Keller.
4:33 of 3rd period - Minor Penalty to Mathew Barzal for Roughing.
4:34 of 3rd period - Jeff Carter wins face-off versus Paul Byron in ANAHEIM Ducks zone.
4:34 of 3rd period - Jeff Carter is hit by Jack Johnson.
4:36 of 3rd period - Shot by Darnell Nurse.
4:36 of 3rd period - Shot Blocked by Paul Byron.
4:45 of 3rd period - Icing by Darnell Nurse.
4:46 of 3rd period - Paul Byron wins face-off versus Jeff Carter in CALGARY Flames zone.
4:53 of 3rd period - Shot by Paul Byron.
4:53 of 3rd period - Shot Blocked by Jake DeBrusk.
4:55 of 3rd period - Shot by John Carlson.
4:55 of 3rd period - Stopped by Ben Bishop without a rebound.
4:56 of 3rd period - Boone Jenner wins face-off versus Paul Byron in CALGARY Flames zone.
5:23 of 3rd period - Shot by Boone Jenner.
5:23 of 3rd period - Shot Misses the Net.
5:25 of 3rd period - Shot by Travis Hamonic.
5:25 of 3rd period - Stopped by Cam Talbot with a rebound.
6:10 of 3rd period - Shot by Tyler Seguin.
6:10 of 3rd period - Stopped by Ben Bishop without a rebound.
6:11 of 3rd period - Jeff Carter wins face-off versus Matt Cullen in CALGARY Flames zone.
6:51 of 3rd period - Icing by Robert Hagg.
6:52 of 3rd period - Alex Galchenyuk wins face-off versus Joe Thornton in ANAHEIM Ducks zone.
7:11 of 3rd period - Shot by Mikko Rantanen.
7:11 of 3rd period - Shot Misses the Net.
7:13 of 3rd period - Shot by Robert Hagg.
7:13 of 3rd period - Shot Misses the Net.
7:19 of 3rd period - Shot by Vladimir Tarasenko.
7:19 of 3rd period - Stopped by Ben Bishop without a rebound.
7:20 of 3rd period - Tyler Seguin wins face-off versus Jeff Carter in CALGARY Flames zone.
7:31 of 3rd period - Shot by Alex Ovechkin.
7:31 of 3rd period - Shot Misses the Net.
7:37 of 3rd period - Shot by Alex Ovechkin.
7:37 of 3rd period - Shot Misses the Net.
7:43 of 3rd period - Shot by Alex Ovechkin.
7:43 of 3rd period - Shot Misses the Net.
7:45 of 3rd period - Shot by Alexander Edler.
7:45 of 3rd period - Shot Misses the Net.
7:57 of 3rd period - Shot by Alex Ovechkin.
7:57 of 3rd period - Stopped by Ben Bishop with a rebound.
8:16 of 3rd period - Shea Weber is hit by Brandon Carlo and loses puck.
8:23 of 3rd period - Shot by Justin Williams.
8:23 of 3rd period - Deflect By Paul Byron.
8:23 of 3rd period - Shot Blocked by Shea Weber.
8:25 of 3rd period - Shot by Brandon Carlo.
8:25 of 3rd period - Shot Blocked by Shea Weber.
8:35 of 3rd period - Shot by Justin Williams.
8:35 of 3rd period - Shot Blocked by Shea Weber.
8:37 of 3rd period - Shot by Brandon Carlo.
8:37 of 3rd period - Stopped by Ben Bishop without a rebound.
8:38 of 3rd period - Joe Thornton wins face-off versus Charlie Coyle in CALGARY Flames zone.
11:33 of 3rd period - Mikko Rantanen is hit by Jake DeBrusk and loses puck.
11:45 of 3rd period - Jeff Carter is hit by Robert Hagg and loses puck.
12:01 of 3rd period - Icing by Vladimir Tarasenko.
12:02 of 3rd period - Dominic Moore wins face-off versus Joe Thornton in ANAHEIM Ducks zone.
12:06 of 3rd period - Icing by John Carlson.
12:07 of 3rd period - Joe Thornton wins face-off versus Dominic Moore in ANAHEIM Ducks zone.
12:45 of 3rd period - Off-side.
12:46 of 3rd period - Tyler Seguin wins face-off versus Jeff Carter in neutral zone.
13:15 of 3rd period - Jake DeBrusk is hit by Jack Johnson and loses puck.
13:20 of 3rd period - Shot by Jeff Carter.
13:20 of 3rd period - Stopped by Cam Talbot without a rebound.
13:21 of 3rd period - Paul Byron wins face-off versus Alex Galchenyuk in ANAHEIM Ducks zone.
13:21 of 3rd period - Brandon Carlo is hit by Nick Ritchie and loses puck.
13:29 of 3rd period - Justin Williams is hit by Nick Ritchie and loses puck.
13:41 of 3rd period - Icing by Darnell Nurse.
13:42 of 3rd period - Alex Galchenyuk wins face-off versus Mathew Barzal in CALGARY Flames zone.
14:09 of 3rd period - Shot by Charlie Coyle.
14:09 of 3rd period - Stopped by Cam Talbot without a rebound.
14:10 of 3rd period - Jeff Carter wins face-off versus Tyler Seguin in ANAHEIM Ducks zone.
14:15 of 3rd period - Shot by Jeff Carter.
14:15 of 3rd period - Stopped by Cam Talbot without a rebound.
14:16 of 3rd period - Jeff Carter wins face-off versus Tyler Seguin in ANAHEIM Ducks zone.
14:50 of 3rd period - Minor Penalty to Shea Weber for Boarding.
14:51 of 3rd period - Joe Thornton wins face-off versus Boone Jenner in CALGARY Flames zone.
15:06 of 3rd period - Shot by Alexander Edler.
15:06 of 3rd period - Shot Misses the Net.
15:08 of 3rd period - Shot by Alexander Edler.
15:08 of 3rd period - Shot Misses the Net.
15:10 of 3rd period - Shot by Joe Thornton.
15:10 of 3rd period - Shot Misses the Net.
15:12 of 3rd period - Shot by Jack Johnson.
15:12 of 3rd period - Stopped by Ben Bishop without a rebound.
15:13 of 3rd period - Alex Ovechkin wins face-off versus Boone Jenner in CALGARY Flames zone.
15:14 of 3rd period - Shot by John Carlson.
15:14 of 3rd period - Stopped by Ben Bishop without a rebound.
15:15 of 3rd period - Tyler Seguin wins face-off versus Boone Jenner in CALGARY Flames zone.
15:18 of 3rd period - Shot by Alex Ovechkin.
15:18 of 3rd period - Shot Misses the Net.
15:30 of 3rd period - Travis Hamonic is hit by Tyler Seguin and loses puck.
15:56 of 3rd period - Icing by Alex Ovechkin.
15:57 of 3rd period - Tyler Seguin wins face-off versus Boone Jenner in ANAHEIM Ducks zone.
16:08 of 3rd period - Shot by Tyler Toffoli.
16:08 of 3rd period - Shot Misses the Net.
16:48 of 3rd period - Shot by Alexander Edler.
16:48 of 3rd period - Shot Misses the Net.
16:50 of 3rd period - Shot by Jack Johnson.
16:50 of 3rd period - Shot Blocked by Michal Kempny.
16:50 of 3rd period - Michal Kempny from CALGARY Flames is injured at 16:50 of 3rd period (Strained Right Elbow).
16:51 of 3rd period - Jeff Carter wins face-off versus Paul Byron in CALGARY Flames zone.
17:26 of 3rd period - Shot by Wayne Simmonds.
17:26 of 3rd period - Shot Misses the Net.
17:52 of 3rd period - Robert Hagg is hit by Alex Galchenyuk and loses puck.
18:01 of 3rd period - Shot by Nick Ritchie.
18:01 of 3rd period - Stopped by Cam Talbot without a rebound.
18:02 of 3rd period - Boone Jenner wins face-off versus Tyler Seguin in ANAHEIM Ducks zone.
18:31 of 3rd period - Shot by Tyler Toffoli.
18:31 of 3rd period - Stopped by Ben Bishop without a rebound.
18:32 of 3rd period - Alex Galchenyuk wins face-off versus Joe Thornton in CALGARY Flames zone.
18:32 of 3rd period - Alex Galchenyuk is hit by Mikko Rantanen.
18:55 of 3rd period - Minor Penalty to Darnell Nurse for Hooking.
18:56 of 3rd period - Tyler Seguin wins face-off versus Boone Jenner in CALGARY Flames zone.
19:29 of 3rd period - Shot by Tyler Seguin.
19:29 of 3rd period - Deflect By Alex Ovechkin.
19:29 of 3rd period - Shot Blocked by Travis Hamonic.
19:31 of 3rd period - Shot by Alexander Edler.
19:31 of 3rd period - Shot Misses the Net.
19:33 of 3rd period - Shot by Jack Johnson.
19:33 of 3rd period - Stopped by Ben Bishop with a rebound.
19:37 of 3rd period - Shot by Tyler Seguin.
19:37 of 3rd period - Goal by Tyler Seguin - CALGARY Flames : 2 - ANAHEIM Ducks : 5.
19:38 of 3rd period - Jake DeBrusk wins face-off versus Mikko Rantanen in neutral zone.
19:57 of 3rd period - Shot by Jeff Carter.
19:57 of 3rd period - Shot Blocked by John Carlson.
Goals for this period are 0 for CALGARY Flames vs 2 for ANAHEIM Ducks.
Shots for this period are 7 for CALGARY Flames vs 11 for ANAHEIM Ducks.